 Dungeon Crawl Stone Soup version 0.25.1-2-g60ff931df9 (webtiles) character file.

Game seed: 12408381041184349925

2361 DerDa the Geomancer (level 9, -2/49 HPs)
             Began as a Gargoyle Earth Elementalist on Sept 21, 2020.
             Slain by a gnoll sergeant
             ... wielding a +0 trident
              (6 damage)
             ... on level 7 of the Dungeon.
             The game lasted 00:14:14 (6666 turns).

DerDa the Geomancer (Gargoyle Earth Elementalist)   Turns: 6666, Time: 00:14:14

Health: -2/49      AC: 12    Str: 11    XL:     9   Next: 44%
Magic:  18/18      EV: 11    Int: 21    God:
Gold:   168        SH:  0    Dex: 10    Spells: 5/20 levels left

rFire    + . .     SeeInvis .   y - +7 whip of Vutaefon {venom, rC++ Str-2 Int+3}
rCold    + + +     Gourm    .   (no shield)
rNeg     + + .     Faith    .   f - +1 ring mail {rF+}
rPois    ∞         Spirit   .   (no helmet)
rElec    +         Reflect  .   (no cloak)
rCorr    .         Harm     .   (no gloves)
MR       .....                  (no boots)
Stlth    +.........             (no amulet)
HPRegen  0.16/turn              r - ring of positive energy
MPRegen  0.16/turn              i - ring of protection from cold

@: no status effects
A: blurry vision 1, negative energy resistance 1, electricity resistance,
unbreathing, petrification resistance, rot immunity, MP-powered wands, AC +6
a: no special abilities


You were on level 7 of the Dungeon.
You were not hungry.

You visited 2 branches of the dungeon, and saw 8 of its levels.

You collected 168 gold pieces.

Inventory:

Hand Weapons
 s - the +1 hunting sling "Jellybane" {speed, rElec Str-4 Int+8 Dex-3, unknown}
   (You found it on level 5 of the Dungeon)

   Attacks with this weapon are significantly faster.
   It affects your strength (-4).
   It affects your intelligence (+8).
   It affects your dexterity (-3).
   It insulates you from electricity.
 y - the +7 whip of Vutaefon (weapon) {venom, rC++ Str-2 Int+3}
   (You found it on level 4 of the Dungeon)

   It poisons the flesh of those it strikes.
   It affects your strength (-2).
   It affects your intelligence (+3).
   It greatly protects you from cold.
Missiles
 b - 73 stones (quivered)
 g - 31 sling bullets
 t - 34 poisoned darts
Armour
 f - a +1 ring mail of fire resistance (worn)
 h - a cursed +0 buckler
 x - a +0 ring mail of magic resistance
Jewellery
 i - a ring of protection from cold (right hand)
 p - an uncursed ring of ice
 r - a ring of positive energy (left hand)
Wands
 c - a wand of flame (9)
Scrolls
 a - 3 scrolls of fear
 e - 2 scrolls of immolation
 j - a scroll of remove curse
 l - a scroll of fog
 q - 2 scrolls of enchant weapon
 u - a scroll of magic mapping {unknown}
 v - a scroll of identify
 z - a scroll of teleportation {unknown}
 A - a scroll of amnesia {unknown}
 B - a scroll of blinking {unknown}
Potions
 m - 2 potions of flight {unknown}
 n - a potion of heal wounds {unknown}
 o - 2 potions of haste {unknown}
 w - a potion of magic
 C - a potion of cancellation {unknown}
Comestibles
 d - 15 rations
 k - 8 chunks of flesh


   Skills:
 + Level 2.8 Fighting
 + Level 2.7 Dodging
 - Level 2.1 Stealth
 * Level 3.9 Shields
 * Level 6.1 Spellcasting
 * Level 6.0 Conjurations
 + Level 2.3 Transmutations
 * Level 8.5 Earth Magic


You had 5 spell levels left.
You knew the following spells:

 Your Spells              Type           Power        Failure   Level  Hunger
a - Sandblast             Erth           #####.       1%          1    None
b - Stone Arrow           Conj/Erth      #####.       3%          3    ##.....
c - Lee's Rapid Deconstr  Erth           #####.....   21%         5    #####..
d - Petrify               Tmut/Erth      ####....     26%         4    ####...
w - Passwall              Tmut/Erth      ####....     3%          2    None

Your spell library contained the following spells:

 Spells                   Type           Power        Failure   Level  Hunger


Dungeon Overview and Level Annotations

Branches:
Dungeon (7/15)             Temple (1/1) D:6

Altars:
Ashenzari
Cheibriados
Dithmenos
Elyvilon
Fedhas
Gozag
Hepliaklqana
Makhleb
Nemelex Xobeh
Okawaru
Qazlal
Ru
Trog
Uskayaw
Vehumet
Wu Jian
Xom
Yredelemnul
Zin


Innate Abilities, Weirdness & Mutations

You are resistant to torment.
Your stone body is resilient. (AC +6)
You are immune to poison.
You resist negative energy. (rN+)
You are resistant to electric shocks. (rElec)
You can survive without breathing.
You are immune to petrification.
You are immune to rotting.
Scrolls take you a little longer to read.
You expend magic power (3 MP) to strengthen your wands.


Message History

A gnoll sergeant and 2 orc warriors come into view.
The orc warrior shouts!
The gnoll sergeant shouts!
The orc warrior shouts!
You hear a shout!
Found a glowing ring mail and a scroll labeled RIKINK SOMM.
An orc warrior and a wight come into view.
The orc warrior shouts!
The gnoll sergeant hits you from afar with a +0 trident!
The wight moves out of view.
Found a runed demon blade.
The gnoll sergeant blocks your attack. The gnoll sergeant closely misses you.
The orc warrior hits you with a +0 great sword!
The gnoll sergeant blocks your attack. The gnoll sergeant barely misses you.
You whack the gnoll sergeant!
The gnoll sergeant is poisoned.
The gnoll sergeant is moderately wounded.
The orc warrior hits you with a +0 great sword!!
* * * LOW HITPOINT WARNING * * *
The gnoll sergeant hits you with a +0 trident!
* * * LOW HITPOINT WARNING * * *
The gnoll sergeant hits you from afar with a +0 trident.
You die...

...........+
..........#
.........#
#####........#
.#?.....###...#
.......o#)#..#
.[......###..#
........z.oo.#
........@.g..#
........######
....##.## ###
##


You could see 3 orc warriors, a gnoll sergeant (poisoned) and a wight.

Vanquished Creatures
  Grinder (D:3)
  Sigmund (D:5)
  Eustachio (D:5)
  Edmund (D:5)
  Duvessa (D:4)
  A sky beast (D:5)
  4 ogres
  A crocodile (D:5)
  Blork the orc (D:5)
  A bullfrog (D:6)
  A gnoll sergeant (D:4)
  Dowan (D:4)
  A scorpion (D:6)
  2 crimson imps
  A quasit (D:6)
  A hound (D:5)
  3 orc priests
  Ijyb (D:5)
  2 iguanas
  7 orc wizards
  6 worker ants
  5 gnolls
  6 adders
  A shadow imp (D:5)
  3 worms
  2 dart slugs
  2 leopard geckos
  11 orcs
  A ball python (D:2)
  11 bats
  3 giant cockroaches
  13 goblins
  6 hobgoblins
  8 kobolds
  3 quokkas
  A ball python skeleton (D:4)
  3 frilled lizards
  A jackal zombie (D:6)
  A leopard gecko skeleton (D:4)
  3 rats
123 creatures vanquished.

Notes
Turn   | Place    | Note
-------+----------+-------------------------------------------
     0 | D:1      | DerDa the Gargoyle Earth Elementalist began the quest for
                  | the Orb.
     0 | D:1      | Reached XP level 1. HP: 10/10 MP: 3/3
   326 | D:1      | Reached XP level 2. HP: 15/15 MP: 0/5
   618 | D:1      | Reached skill level 4 in Earth Magic
   986 | D:1      | Found a sparkling altar of Nemelex Xobeh.
  1029 | D:2      | Reached XP level 3. HP: 13/19 MP: 0/6
  1266 | D:2      | Found a shimmering altar of Xom.
  1777 | D:2      | Reached XP level 4. HP: 24/24 MP: 5/8
  2045 | D:3      | Reached skill level 5 in Earth Magic
  2105 | D:3      | Learned a level 2 spell: Passwall
  2113 | D:3      | Learned a level 3 spell: Stone Arrow
  2191 | D:3      | Noticed Grinder
  2199 | D:3      | Killed Grinder
  2199 | D:3      | Reached XP level 5. HP: 13/28 MP: 3/11
  2199 | D:3      | Reached XP level 6. HP: 15/32 MP: 3/12
  2914 | D:4      | Noticed Dowan
  2916 | D:4      | Noticed Duvessa
  2946 | D:4      | Killed Duvessa
  2946 | D:4      | Reached skill level 6 in Earth Magic
  3177 | D:4      | Killed Dowan
  3177 | D:4      | Reached XP level 7. HP: 36/36 MP: 10/13
  3419 | D:4      | Gained mutation: Scrolls take you a little longer to read.
                  | [potion of mutation]
  3419 | D:4      | Gained mutation: You expend magic power (3 MP) to
                  | strengthen your wands. [potion of mutation]
  3800 | D:4      | Reached skill level 7 in Earth Magic
  4039 | D:4      | Reached skill level 5 in Spellcasting
  4075 | D:4      | Got a pitted whip
  4075 | D:4      | Identified the +7 whip of Vutaefon {venom, rC++ Str-2
                  | Int+3} (You found it on level 4 of the Dungeon)
  4164 | D:5      | Entered Level 5 of the Dungeon
  4171 | D:5      | Learned a level 5 spell: Lee's Rapid Deconstruction
  4176 | D:5      | Learned a level 4 spell: Petrify
  4208 | D:5      | Noticed Ijyb
  4222 | D:5      | Killed Ijyb
  4310 | D:5      | HP: 1/36 [gnoll/+0 war axe (13)]
  4615 | D:4      | Reached skill level 1 in Shields
  4615 | D:4      | Reached skill level 1 in Transmutations
  4615 | D:4      | Reached XP level 8. HP: 18/42 MP: 12/15
  4836 | D:5      | Found a burning altar of Makhleb.
  4889 | D:5      | Reached skill level 1 in Fighting
  5020 | D:5      | Got a shimmering hunting sling
  5068 | D:5      | Noticed Edmund
  5078 | D:5      | Killed Edmund
  5137 | D:5      | Reached skill level 5 in Conjurations
  5175 | D:5      | Noticed Eustachio
  5183 | D:5      | Noticed Sigmund
  5211 | D:5      | Killed Sigmund
  5212 | D:5      | Killed Eustachio
  5351 | D:5      | Found a sacrificial altar of Ru.
  5404 | D:5      | Found a shattered altar of Ashenzari.
  5404 | D:5      | Noticed Blork the orc
  5410 | D:5      | Killed Blork the orc
  5410 | D:5      | Reached skill level 8 in Earth Magic
  5433 | D:5      | Found an iron altar of Okawaru.
  5543 | D:5      | Reached XP level 9. HP: 48/48 MP: 17/17
  5799 | D:6      | Found a staircase to the Ecumenical Temple.
  5810 | Temple   | Entered the Ecumenical Temple
  6386 | D:6      | Found a hide-covered altar of Uskayaw.
  6666 | D:7      | Slain by a gnoll sergeant

Illustrated notes

Levels and vault maps discovered:
D:1:      minmay_arrival_nine_rooms, layout_loops_corners,
          nemelex_diamond_rough_becter
D:2:      layout_loops_cross, xom_teletrap_fun, first_ration,
          minmay_tiny_reverse_x
D:3:      layout_loops_ring, uniq_grinder
D:4:      layout_loops_ring, kennysheep_potato, uniq_duvessa
D:5:      layout_loops_ring, chequers_temple_overflow_statue_of_worship,
          old_standard_altar, nicolae_ru_the_path_less_chosen,
          minmay_ogre_servants, uniq_eustachio, uniq_blork_the_orc,
          uniq_sigmund, uniq_edmund, uniq_ijyb
D:6:      layout_rooms, kennysheep_little_box, minmay_temple_entry_large_hall,
          serial_park_tiny_pond
D:7:      layout_gridville, nicolae_tso_besieged_by_evil, serial_shops,
          nicolae_shop_waterfront, sword_in_stone
Temple:   minmay_temple_forest_path

Skill      XL: |  1  2  3  4  5  6  7  8  9 |
---------------+----------------------------+-----
Earth Magic    | 4 5 6 7 8 |  8.5
Spellcasting   | 3 4 5 6 |  6.1
Conjurations   | 2 3 4 5 6 |  6.0
Shields        | 1 3 |  3.9
Transmutations | 1 2 |  2.3
Fighting       | 2 |  2.8
Dodging        | 2 |  2.7
Stealth        | |  2.1

Action                   |  1- 3 |  4- 6 |  7- 9 || total
-------------------------+-------+-------+-------++-------
Melee: Dagger            |    24 |       |       ||    24
       Whip              |     1 |     9 |   174 ||   184
 Cast: Sandblast         |    40 |    38 |    61 ||   139
  Use: Scroll            |       |     1 |     8 ||     9
       Potion            |       |       |     2 ||     2
 Stab: Sleeping          |     1 |       |     2 ||     3
       Distracted        |     1 |       |       ||     1
  Eat: Chunk             |     3 |     4 |    11 ||    18
Armor: Robe              |     7 |    16 |     9 ||    32
       Ring mail         |       |       |    83 ||    83
Dodge: Dodged            |    29 |    28 |   104 ||   161
